 Dungeon Crawl Stone Soup version 0.18.1-50-g88ac8fd (webtiles) character file.

257643 ololoev the Imperceptible (level 18, -9/93 HPs)
             Began as a Spriggan Enchanter on Oct 14, 2016.
             Was the Champion of Ashenzari.
             Killed from afar by an orb of fire (35 damage)
             ... with a bolt of fire
             ... on level 5 of the Realm of Zot.
             The game lasted 03:37:24 (39730 turns).

ololoev the Imperceptible (Spriggan Enchanter)     Turns: 39730, Time: 03:37:25

Health: -9/93      AC: 18    Str: 10      XL:     18   Next: 62%
Magic:  0/36       EV: 33    Int: 30 (33) God:    Ashenzari [******]
Gold:   1488       SH: 10    Dex: 15      Spells: 13 memorised, 7 levels left

rFire  + . .     SeeInvis +     a - +7 dagger (protect) (curse)
rCold  + + .     Gourm    .     O - +4 troll leather armour (curse)
rNeg   . . .     Faith    .     D - +3 buckler (curse)
rPois  +         Spirit   +     L - +2 hat {Int+3} (curse)
rElec  +         Dismiss  .     i - +2 cloak {rC+} (curse)
rCorr  +         Reflect  .     (gloves unavailable)
SustAt .         Harm     .     (boots unavailable)
MR     +++..     Clarity  +     v - amulet of guardian spirit (curse)
Stlth  ++++......               k - ring of poison resistance (curse)
                                T - ring of Light {*Drain Str+5 Int+5 Dex-2 Stlth+} (curse)

@: about to teleport, resistant, very slightly contaminated, very quick,
extremely resistant to hostile enchantments, stealthy
A: unfitting armour, see invisible, clever 1, herbivore 3, speed 3, low mp 1,
slow metabolism 2
a: Curse Item, Scrying, Transfer Knowledge, Renounce Religion
0: Orb of Zot
}: 3/15 runes: decaying, abyssal, gossamer


Innate Abilities, Weirdness & Mutations

You are tiny and cannot use many weapons and most armour.
You have supernaturally acute eyesight.
You are a herbivore.
You cover ground extremely quickly.
You need consume almost no food.
Your mind is acute. (Int +2)
Your magical capacity is low (-10% MP).

Inventory:

Hand Weapons
 a - a cursed +7 dagger of protection (weapon)
Missiles
 M - 4 throwing nets (quivered)
Armour
 i - a cursed +2 cloak of cold resistance (worn)
 D - a cursed +3 buckler (worn)
 L - a cursed +2 hat of intelligence (worn)
 O - a cursed +4 troll leather armour (worn)
Jewellery
 k - a cursed ring of poison resistance (right hand)
 v - a cursed amulet of guardian spirit (around neck)
 H - an uncursed ring of fire
 T - the cursed ring of Light (left hand) {*Drain Str+5 Int+5 Dex-2 Stlth+}
   (You found it on level 8 of the Lair of Beasts)

   [ring of intelligence]

   It affects your strength (+5).
   It affects your intelligence (+5).
   It affects your dexterity (-2).
   It causes draining when unequipped.
   It makes you more stealthy.
   It has a curse placed upon it.
Wands
 c - a wand of digging (15/24)
 r - a wand of teleportation (4/9)
 I - a wand of enslavement (14/24)
 N - a wand of disintegration (10/24)
 P - a wand of hasting (4/9)
Scrolls
 b - 6 scrolls of amnesia
 g - a scroll of fog
 j - 16 scrolls of recharging
 x - a scroll of immolation
 z - a scroll of silence
 B - a scroll of summoning
 F - 3 scrolls of magic mapping
 J - a scroll of remove curse
Potions
 e - 2 potions of resistance
 h - 2 potions of magic
 n - 10 potions of curing
 o - a potion of cancellation
 s - 10 potions of haste
 t - 4 potions of brilliance
 u - 12 potions of might
 w - 5 potions of berserk rage
 A - 2 potions of cure mutation
 E - 3 potions of agility
 K - 4 potions of flight
Miscellaneous
 y - an ornate deck of summoning
 G - a plain deck of wonders {drawn: 3}
Comestibles
 d - 10 bread rations
 f - 16 royal jellies
 C - 32 fruits


   Skills:
 * Level 9.6 Fighting
 + Level 8.3(12.7) Short Blades
 - Level 4.2 Armour
 * Level 17.8(21.5) Dodging
 * Level 21.6(25.0) Stealth
 - Level 4.0(6.8) Shields
 * Level 17.0 Spellcasting
 - Level 13.0(17.1) Hexes
 * Level 16.1(20.0) Translocations


You had 7 spell levels left.
You knew the following spells:

 Your Spells              Type           Power        Failure   Level  Hunger
a - Confuse               Hex            #######.     0%          3    None
b - Ensorcelled Hibernat  Hex/Ice        ######       1%          2    None
c - Dazzling Spray        Conj/Hex       ######       1%          3    None
d - Regeneration          Chrm/Necr      ####......   8%          3    None
e - Controlled Blink      Tloc           N/A          4%          8    ######.
f - Apportation           Tloc           #######...   0%          1    None
g - Blink                 Tloc           N/A          0%          2    None
h - Passage of Golubria   Tloc           N/A          0%          4    None
i - Darkness              Hex            #######...   1%          6    ##.....
j - Invisibility          Hex            #######.     1%          6    ##.....
k - Passwall              Trmt/Erth      ####......   3%          2    None
l - Swiftness             Chrm/Air       ####....     3%          2    None
m - Repel Missiles        Chrm/Air       ####..       3%          2    None


You were on level 5 of the Realm of Zot.
You worshipped Ashenzari.
Ashenzari was exalted by your worship.
You were not hungry.

You visited 8 branches of the dungeon, and saw 44 of its levels.
You visited the Abyss 2 times.
You visited 2 bazaars.
You also visited: Labyrinth, Trove, Ossuary, Ice Cave, Volcano and Wizlab.

You collected 7100 gold pieces.
You spent 5452 gold pieces at shops.

***** ***** ,,,,**** ▓▓▓▓....
,,,,,,,*** ▓▓▓....... ,,,,,,,,,**
▓▓........* ,,,,,,,,,,* ▓▓▓▓▓▓▓▓▓
▓..........
,,,,,,,,,,*▓▓ddX@dXX▓▓▓....!.....
,,,,,,,,{,▓▓.XdXD*X54▓▓..........
,,,,,,,,,.▓...qXX*qd§.▓..........
,,,,,,,......3qXXd5d.....d^...§.^
,,,,,,,...▓....qXX55..▓..........
,,,,,,,.d,▓▓..§.553.8▓▓..........
,,,,,,,.,,*▓▓^......▓▓▓!......^..
,,,,,,,,,,* ▓▓▓▓▓▓▓▓▓ #....*.....
,,,,,,,,,** ##..$d.....

Notes
Turn   | Place    | Note
--------------------------------------------------------------
     0 | D:1      | ololoev the Spriggan Enchanter began the quest for the Orb.
     0 | D:1      | Reached XP level 1. HP: 9/9 MP: 5/5
   351 | D:1      | Reached XP level 2. HP: 13/13 MP: 6/6
   357 | D:1      | Learned a level 2 spell: Ensorcelled Hibernation
   358 | D:1      | Reached skill level 5 in Stealth
   454 | D:1      | Goblin1989: чего для FE проще - пауки или шолсы?
   456 | D:1      | ololoev: шоалсы
   456 | D:1      | ololoev: главное не забывать кидать файербол поближе к себе
   456 | D:1      | ololoev: чтоыб постоянно лос закрывать
   580 | D:1      | Goblin1989: решил еще одного демонспавна сделать попробовать просто
   843 | D:2      | Goblin1989: ну у меня нейтсталкер 2 в общем-то
   872 | D:2      | Goblin1989: лос итак небольшой уже
   875 | D:2      | ololoev: не
   875 | D:2      | ololoev: тут дело в чем
   875 | D:2      | ololoev: пришли в лос 3 джавелинера
   875 | D:2      | ololoev: они уже оттуда не уйдут
   875 | D:2      | ololoev: если их не закрыть
   901 | D:2      | Goblin1989: понял
   952 | D:2      | Reached XP level 3. HP: 14/16 MP: 5/8
  1149 | D:2      | Learned a level 3 spell: Confuse
  1262 | D:2      | Reached XP level 4. HP: 21/21 MP: 5/10
  1267 | D:2      | Noticed Jessica
  1269 | D:2      | Killed Jessica
  1468 | D:3      | Noticed Ijyb
  1474 | D:3      | Killed Ijyb
  1502 | D:3      | Reached XP level 5. HP: 24/24 MP: 6/12
  1564 | D:3      | Reached skill level 6 in Stealth
  1616 | D:3      | Noticed Terence
  1622 | D:3      | Killed Terence
  1892 | D:3      | Noticed Sigmund
  1899 | D:3      | Killed Sigmund
  1899 | D:3      | Reached skill level 7 in Stealth
  1899 | D:3      | Reached XP level 6. HP: 28/28 MP: 10/14
  2279 | D:4      | Reached skill level 5 in Dodging
  2279 | D:4      | Reached skill level 5 in Spellcasting
  2279 | D:4      | Reached skill level 5 in Hexes
  2294 | D:4      | Found a sand-covered staircase.
  2298 | Ossuary  | Entered an ossuary
  2456 | Ossuary  | Reached XP level 7. HP: 32/32 MP: 12/15
  2571 | Ossuary  | Reached skill level 8 in Stealth
  2580 | Ossuary  | Learned a level 3 spell: Tukima's Dance
  2584 | Ossuary  | Learned a level 3 spell: Dazzling Spray
  2927 | Ossuary  | Goblin1989: а почему 0,18?
  2928 | Ossuary  | ololoev: чтобы пог работал в зоте
  3048 | Ossuary  | Goblin1989: а чего, в транке уже не робит?
  3048 | Ossuary  | ololoev: да
  3245 | Ossuary  | Reached skill level 9 in Stealth
  3421 | D:4      | Reached XP level 8. HP: 36/36 MP: 15/18
  3425 | D:4      | Found a staircase to the Ecumenical Temple.
  3450 | Temple   | Entered the Ecumenical Temple
  3493 | Temple   | Became a worshipper of Ashenzari the Shackled
  3494 | Temple   | Goblin1989: ты ж вехумету хотел отдать дань
  3496 | Temple   | Goblin1989: даггер курсь
  3496 | Temple   | ololoev: ну так
  3496 | Temple   | ololoev: ruthless efficiency
  3496 | Temple   | ololoev: 3й баннер вехумета
  3496 | Temple   | ololoev: буду делать пытаться
  3496 | Temple   | ololoev: вынести орб до 19го лвла
  3816 | D:4      | Goblin1989: ну-ка кинь ссыль, че ты там сделать хочешь
  3853 | D:4      | ololoev: http://dobrazupa.org/tournament/0.18/
  3872 | D:4      | Identified the amulet of Divine Compulsion {Dismiss Dex+3}
  4023 | D:4      | Found a glowing golden altar of the Shining One.
  4354 | D:5      | Entered Level 5 of the Dungeon
  4504 | D:5      | Goblin1989: хм
  4544 | D:5      | Goblin1989: решил уподобиться педритоло?
  4544 | D:5      | ololoev: ну почти
  4734 | D:5      | Goblin1989: так 0.17 лучше бы подошло
  4761 | D:5      | Reached skill level 10 in Stealth
  4762 | D:5      | Goblin1989: там же рмут есть
  4762 | D:5      | ololoev: лол что все как по этому рмуту то скучают
  4762 | D:5      | ololoev: рмут нинужен
  4787 | D:5      | Goblin1989: тебя в зоте шары намутируют и умрешь
  4833 | D:5      | ololoev: от муток не умирают
  5165 | D:5      | Goblin1989: дампани
  5340 | D:5      | Reached XP level 9. HP: 33/39 MP: 12/21
  5353 | D:5      | Goblin1989: что за чепуха
  5360 | D:5      | Goblin1989: как молния подожгла дерево
  5364 | D:5      | Goblin1989: ааааа
  5369 | D:5      | Goblin1989: понял
  5395 | D:5      | Reached skill level 11 in Stealth
  5507 | D:5      | Reached skill level 5 in Short Blades
  6479 | D:6      | Reached * piety under Ashenzari
  6571 | D:6      | Goblin1989: у лдфа нет такого, однако
  6574 | D:6      | Found a shimmering altar of Xom.
  6615 | D:6      | Found a deep blue altar of Sif Muna.
  6856 | D:6      | Reached skill level 1 in Shields
  7242 | D:7      | Reached skill level 12 in Stealth
  7259 | D:7      | Found Gayl's Distillery.
  7264 | D:7      | Bought a potion of invisibility for 112 gold pieces
  7264 | D:7      | Bought 2 potions of curing for 84 gold pieces
  7264 | D:7      | Bought a potion of might for 56 gold pieces
  7264 | D:7      | Bought a potion of degeneration for 14 gold pieces
  7338 | D:7      | Found a shimmering altar of Xom.
  7530 | D:7      | Reached ** piety under Ashenzari
  7627 | D:7      | Found a bloodstained altar of Trog.
  7631 | D:7      | Found a radiant altar of Vehumet.
  7687 | D:8      | Found Kebeow's Book Shop.
  7696 | D:8      | ololoev: так, пог есть если что
  7696 | D:8      | ololoev: апорт и блинк бы еще
  7713 | D:8      | Reached XP level 10. HP: 44/44 MP: 24/24
  7815 | D:8      | Learned a level 4 spell: Fulminant Prism
  8022 | D:9      | Noticed Pikel
  8042 | D:8      | Killed Pikel
  8056 | D:8      | p0werm0de: !polymorph goblin1989
  8056 | D:8      | beem: p0werm0de zaps a wand. goblin1989 evaporates and reforms as a titan!
  8056 | D:8      | p0werm0de: wew titan
  8056 | D:8      | ololoev: y opower
  8056 | D:8      | ololoev: *yo
  8079 | D:8      | p0werm0de: hi
  8112 | D:9      | Goblin1989: hi
  8300 | D:9      | Found a sparkling altar of Nemelex Xobeh.
  8302 | D:9      | Goblin1989: !polymorph p0werm0de
  8303 | D:9      | beem: Goblin1989 zaps a wand. p0werm0de evaporates and reforms as a warg!
  8323 | D:9      | Goblin1989: hm
  8328 | D:9      | p0werm0de: thats lowish
  8332 | D:9      | Reached skill level 13 in Stealth
  8342 | D:9      | ololoev: doge form
  8348 | D:9      | Goblin1989: amusingly
  8466 | D:9      | Found a roughly hewn altar of Beogh.
  8469 | D:9      | p0werm0de: ai 018
  8471 | D:9      | p0werm0de: gotta love decks
  8473 | D:9      | ololoev: naice!!!
  8517 | D:9      | Reached skill level 10 in Spellcasting
  8927 | D:10     | Entered Level 10 of the Dungeon
  8972 | D:10     | Reached *** piety under Ashenzari
  8984 | D:10     | Noticed Harold
  8999 | D:10     | Killed Harold
  9050 | D:10     | Goblin1989: to study the shields need a lot of experience
  9135 | D:10     | Found a staircase to the Orcish Mines.
  9192 | D:10     | Goblin1989: wow!
  9303 | D:10     | Reached XP level 11. HP: 47/47 MP: 17/26
  9449 | D:10     | ololoev: NICE!!!
  9451 | D:10     | Learned a level 1 spell: Apportation
  9454 | D:10     | Learned a level 2 spell: Blink
  9459 | D:10     | Learned a level 4 spell: Passage of Golubria
  9465 | D:10     | Found a staircase to the Lair.
  9696 | D:10     | Found a blossoming altar of Fedhas.
  9914 | D:10     | Goblin1989: apport?
  9914 | D:10     | ololoev: spatial translocations
  9914 | D:10     | ololoev: almost all tloc spells I want for this game
  9914 | D:10     | ololoev: cblink would be nice though
  9934 | Lair:1   | Entered Level 1 of the Lair of Beasts
 10073 | Lair:1   | Reached skill level 1 in Translocations
 10252 | Lair:1   | Goblin1989: it is too difficult to learn
 10254 | Lair:1   | ololoev: not for Sp
 10254 | Lair:1   | Goblin1989: with your limitations
 10390 | D:7      | Bought a potion of brilliance for 56 gold pieces
 10396 | D:7      | Identified 2 scrolls of acquirement
 10414 | D:7      | ololoev: лол, я даже хз что пожелать?
 10414 | D:7      | Goblin1989: ?
 10414 | D:7      | Goblin1989: хм
 10414 | D:7      | Goblin1989: подожди немного
 10414 | D:7      | Goblin1989: попросишь ванду
 10414 | D:7      | Goblin1989: если хила долго не будет
 10414 | D:7      | ololoev: я вот тоже думаю
 10563 | Lair:1   | Goblin1989: http://dobrazupa.org/tournament/0.18/
 10564 | Lair:1   | Goblin1989: Win the game before reaching experience level 19
 10564 | Lair:1   | Goblin1989: 8
 10564 | Lair:1   | Goblin1989: eight levels is a bit
 10884 | Lair:1   | Reached skill level 14 in Stealth
 10891 | Lair:1   | Reached skill level 1 in Fighting
 11460 | Lair:2   | Reached **** piety under Ashenzari
 11522 | Lair:2   | Reached skill level 10 in Dodging
 11595 | Lair:2   | Reached skill level 1 in Armour
 11784 | Lair:2   | Noticed a queen ant
 11821 | Lair:2   | Killed a queen ant
 11825 | Lair:2   | DEFE: Опять еррор
 11832 | Lair:2   | DEFE: криворукие выпиливатели всего подряд
 11832 | Lair:2   | ololoev: перестань ломать кравл
 11833 | Lair:2   | DEFE: ничег оне могу сделать
 12030 | Lair:2   | Reached skill level 10 in Hexes
 12172 | Lair:2   | Identified the +1 leather armour of Homoh {Int+4}
 12193 | Lair:2   | Goblin1989: сразу видно человек кнопку о сломал уже на клаве :)
 12462 | Lair:3   | Goblin1989: ололоев, ну ты полегче чуть, что ли
 12492 | Lair:3   | Reached XP level 12. HP: 49/54 MP: 0/28
 12497 | Lair:2   | ololoev: ?
 12692 | Lair:3   | Goblin1989: ну зажал таб и хп просело
 12704 | Lair:3   | ololoev: и?
 12704 | Lair:3   | ololoev: норм же
 12704 | Lair:3   | ololoev: ничего страшного
 12758 | Lair:3   | Reached skill level 15 in Stealth
 13112 | Lair:3   | Goblin1989: кстати я так и не понял чего там павермод спрашивал у бима про меня
 13114 | Lair:3   | ololoev: loloololo
 13179 | Lair:3   | Reached ***** piety under Ashenzari
 13422 | Lair:3   | Iwannabefree: >призма
 13437 | Lair:3   | Goblin1989: призма крутая
 13442 | Lair:3   | Iwannabefree: в каком месте
 13453 | Lair:3   | Goblin1989: в лэйере
 13453 | Lair:3   | Iwannabefree: не видно было чот
 13453 | Lair:3   | ololoev: она крутая если павера много
 13453 | Lair:3   | Goblin1989: это понятно должно быть
 13453 | Lair:3   | ololoev: так она хреновая
 13453 | Lair:3   | ololoev: в том числе в леире
 13453 | Lair:3   | ololoev: ей хорошо мух гасить
 14043 | Orc:1    | Entered Level 1 of the Orcish Mines
 14112 | Orc:1    | Noticed an orc high priest
 14118 | Orc:1    | Iwannabefree: зойчем солишь аквариумы
 14130 | Orc:1    | Goblin1989: есть все
 14131 | Orc:1    | Iwannabefree: не вижу кубэ чаоса
 14136 | Orc:1    | ololoev: да
 14136 | Orc:1    | ololoev: емана
 14136 | Orc:1    | ololoev: чому он не помирает?
 14136 | Orc:1    | Reached skill level 5 in Translocations
 14268 | Orc:1    | Killed an orc high priest
 14283 | Orc:1    | Found a roughly hewn altar of Beogh.
 14426 | Orc:2    | Entered Level 2 of the Orcish Mines
 14512 | Orc:2    | Found Doxzeyl's Food Boutique.
 14521 | Orc:2    | Found a staircase to the Elven Halls.
 15015 | Orc:2    | Found a roughly hewn altar of Beogh.
 15146 | Orc:2    | Found Zojum's Distillery.
 15161 | Orc:2    | Reached skill level 16 in Stealth
 15322 | Orc:2    | Found Lipyc's Distillery.
 15712 | Orc:2    | Paralysed by an orc sorcerer for 5 turns
 16112 | Orc:2    | Reached XP level 13. HP: 60/60 MP: 10/30
 17100 | Orc:2    | Found Neinyso's Gadget Emporium.
 17100 | Orc:2    | Found Irorir's Antique Weapon Shoppe.
 17100 | Orc:2    | Found a one-way gate leading to the halls of Pandemonium.
 17111 | Orc:2    | Bought a translucent mace for 216 gold pieces
 17111 | Orc:2    | Identified the cursed +1 mace "Uqygufreynn" {venom, *Corrode Str+3} (You bought it in a shop on level 2 of the Orcish Mines)
 17312 | Orc:1    | Noticed a stone giant
 17316 | Orc:1    | Killed a stone giant
 17578 | D:8      | Bought a book of Burglary for 1200 gold pieces
 17586 | D:8      | Learned a level 6 spell: Darkness
 17593 | D:8      | Learned a level 6 spell: Invisibility
 17596 | D:8      | Learned a level 2 spell: Passwall
 18290 | Lair:4   | Reached skill level 17 in Stealth
 18312 | Lair:4   | Learned a level 2 spell: Swiftness
 18429 | Lair:4   | Noticed a fire dragon
 18438 | Lair:4   | Killed a fire dragon
 18579 | Lair:4   | Found a staircase to the Swamp.
 19060 | Lair:3   | Identified the cursed +0 plate armour "Wattol" {Dex+5}
 19403 | Lair:5   | Found a hole to the Spider Nest.
 19584 | Lair:5   | Reached ****** piety under Ashenzari
 20028 | Lair:6   | Reached XP level 14. HP: 66/66 MP: 20/32
 20398 | Lair:6   | Found a viscous altar of Jiyva.
 20398 | Lair:6   | Found a staircase to the Slime Pits.
 21072 | Lair:6   | Reached skill level 18 in Stealth
 21520 | Lair:7   | Reached skill level 1 in Transmutations
 21536 | Lair:7   | Found a dark tunnel.
 21550 | Volcano  | Entered a volcano
 22192 | Lair:7   | Reached skill level 5 in Fighting
 23003 | Lair:8   | Entered Level 8 of the Lair of Beasts
 23072 | Lair:8   | Noticed Nessos
 23082 | Lair:8   | Killed Nessos
 23188 | Lair:8   | Reduced skill Transmutations to level 1
 24364 | Lair:8   | Reached XP level 15. HP: 68/73 MP: 15/34
 24371 | Lair:8   | Reached skill level 19 in Stealth
 24534 | Lair:8   | Identified the ring of Light {*Drain Str+5 Int+5 Dex-2 Stlth+}
 24905 | Lair:4   | Reached skill level 10 in Translocations
 24934 | Swamp:1  | Entered Level 1 of the Swamp
 24991 | Swamp:2  | Noticed Aizul
 24995 | Swamp:2  | Killed Aizul
 25173 | Swamp:3  | Found a frozen archway.
 25179 | Swamp:3  | Noticed monday's ghost (adept MiGl)
 25197 | IceCv    | Entered an ice cave
 25355 | IceCv    | Goblin1989: лан, давай не зафейлись. пода домой бежать
 25359 | IceCv    | Goblin1989: пора
 25361 | IceCv    | ololoev: попробую
 26349 | IceCv    | Noticed an Ice Fiend
 26947 | IceCv    | Killed an Ice Fiend
 26947 | IceCv    | Reached skill level 15 in Spellcasting
 27708 | Swamp:4  | Entered Level 4 of the Swamp
 27852 | Swamp:4  | Identified the +6 great sword "Itrury" {slice, Int+8 Dex+6}
 28665 | Swamp:2  | Reached skill level 15 in Dodging
 29463 | Swamp:4  | Noticed the 27-headed Lernaean hydra
 29517 | Swamp:4  | Got a decaying rune of Zot
 29705 | Spider:1 | Entered Level 1 of the Spider Nest
 29734 | Spider:1 | Reached skill level 20 in Stealth
 29847 | Lair:8   | Learned a level 8 spell: Controlled Blink
 30101 | Spider:1 | Reached XP level 16. HP: 68/80 MP: 23/36
 30306 | Spider:3 | Noticed Azrael
 30746 | Spider:3 | Killed Azrael
 30961 | Spider:4 | Entered Level 4 of the Spider Nest
 31448 | Spider:4 | Got a gossamer rune of Zot
 31748 | D:11     | Found a portal to a secret trove of treasure.
 31788 | D:11     | Found a labyrinth entrance.
 31797 | D:11     | Noticed Chiseanne's ghost (journeyman CeAE)
 31814 | D:11     | Killed Chiseanne's ghost
 31823 | Lab      | Entered a labyrinth
 31950 | Lab      | Found an exit through the horrors of the Abyss.
 31951 | Lab      | ololoev: такс
 31951 | Lab      | ololoev: а не сходить ли мне в абисс отсюда
 32014 | Lab      | Identified the ring of Hospitality {rElec Str+5 Slay+2 Stlth-} (You found it in a labyrinth)
 32014 | Lab      | Identified the ring of Bip Witu {SustAt rElec} (You found it in a labyrinth)
 32014 | Lab      | Identified the ring "Erott" {rC+ SInv} (You found it in a labyrinth)
 32076 | Lab      | Found an exit through the horrors of the Abyss.
 32127 | Lab      | Identified a +3 rod of shadows (13/13) (You found it in a labyrinth)
 32330 | D:12     | Noticed shugdite's ghost (journeyman MiFi)
 32361 | D:12     | Killed shugdite's ghost
 32655 | D:12     | Noticed Nergalle
 32698 | D:12     | Killed Nergalle
 33485 | D:13     | Found a gate to the Vaults.
 33806 | D:14     | Found a glowing golden altar of the Shining One.
 34531 | D:14     | Found a gateway to a bazaar.
 34537 | Bazaar   | Entered a bazaar
 34537 | Bazaar   | Found Hujupp's Food Shoppe.
 34537 | Bazaar   | Found Xeubudio's Gadget Shoppe.
 34537 | Bazaar   | Found Goxzutug's Antique Armour Emporium.
 34539 | Bazaar   | Found Cilae's General Store.
 34544 | Bazaar   | Bought a glowing hat for 108 gold pieces
 34555 | Bazaar   | Bought a wand of hasting (1/9) for 480 gold pieces
 34694 | D:8      | Bought a Necronomicon for 1766 gold pieces
 34849 | D:11     | You paid a toll of a Necronomicon to enter a treasure trove
 34850 | Trove    | Entered a treasure trove
 34939 | Trove    | Reached skill level 15 in Translocations
 34939 | Trove    | Reached XP level 17. HP: 86/86 MP: 38/38
 35015 | D:15     | Entered Level 15 of the Dungeon
 35015 | D:15     | Noticed Louise
 35022 | D:15     | Killed Louise
 35217 | D:15     | Noticed Rupert
 35255 | D:15     | Killed Rupert
 35260 | D:15     | Found Ukluusch's Food Shop.
 35338 | D:15     | Reached XP level 18. HP: 91/91 MP: 25/39
 35360 | D:15     | Found a staircase to the Depths.
 35390 | D:15     | Reached skill level 21 in Stealth
 35542 | Depths:1 | Entered Level 1 of the Depths
 35998 | Depths:4 | Found a gateway to Hell.
 36026 | Depths:5 | Entered Level 5 of the Depths
 36076 | Depths:5 | Found a magical portal.
 36086 | Depths:5 | Found a flickering gateway to a bazaar.
 36108 | Bazaar   | Entered a bazaar
 36122 | Bazaar   | Found Penneteu's Gadget Shoppe.
 36122 | Bazaar   | Found Gujinast's Book Emporium.
 36132 | Bazaar   | Bought a book of Necromancy for 480 gold pieces
 36136 | Bazaar   | Learned a level 3 spell: Regeneration
 36152 | Bazaar   | Found Dunuil's Distillery.
 36156 | Bazaar   | Bought a potion of beneficial mutation for 560 gold pieces
 36156 | Bazaar   | Bought a potion of resistance for 160 gold pieces
 36156 | Bazaar   | Bought a potion of heal wounds for 80 gold pieces
 36156 | Bazaar   | Bought a potion of heal wounds for 80 gold pieces
 36156 | Bazaar   | Gained mutation: Your mind is acute. (Int +2) [potion of beneficial mutation]
 36203 | WizLab   | Entered The Chambers of Riot the Cloud Mage
 37440 | WizLab   | Noticed Riot
 37450 | WizLab   | Killed Riot the Cloud Mage
 37496 | WizLab   | Identified the Tome of Weightlessness
 37501 | WizLab   | Identified Sif Muna's Guide on the Birds
 37506 | WizLab   | Learned a level 2 spell: Repel Missiles
 37652 | Depths:5 | Noticed a lich
 37656 | Depths:5 | Hired Ufady the naga for 160 gold.
 37671 | Depths:5 | Killed a lich
 37939 | Depths:5 | Found a one-way gate to the infinite horrors of the Abyss.
 37940 | Depths:5 | Voluntarily entered the Abyss.
 38193 | Depths:5 | Escaped the Abyss
 38195 | Depths:5 | Voluntarily entered the Abyss.
 38213 | Abyss:1  | Found a corrupted altar of Lugonu.
 38348 | Abyss:3  | Noticed a bone dragon
 38353 | Abyss:3  | Found a corrupted altar of Lugonu.
 38406 | Abyss:3  | Found a corrupted altar of Lugonu.
 38406 | Abyss:3  | Noticed a tentacled monstrosity
 38437 | Abyss:3  | Found a corrupted altar of Lugonu.
 38445 | Abyss:3  | Found a corrupted altar of Lugonu.
 38451 | Abyss:3  | Killed a tentacled monstrosity
 38453 | Abyss:3  | Got an abyssal rune of Zot
 38556 | Depths:5 | Escaped the Abyss
 38652 | Depths:5 | Found a gate to the Realm of Zot.
 38652 | Depths:5 | Noticed a golden dragon
 38652 | Depths:5 | Noticed Jory
 38658 | Zot:1    | Entered Level 1 of the Realm of Zot
 38896 | Zot:2    | Noticed a curse toe
 39249 | Zot:2    | Noticed a Killer Klown
 39285 | Zot:3    | Noticed a tentacled monstrosity
 39394 | Zot:4    | Noticed a curse toe
 39420 | Zot:5    | Entered Level 5 of the Realm of Zot
 39681 | Zot:5    | Noticed an Orb Guardian
 39681 | Zot:5    | Noticed an Orb Guardian
 39681 | Zot:5    | Noticed an Orb Guardian
 39689 | Zot:5    | Noticed an Orb Guardian
 39690 | Zot:5    | Noticed an Orb Guardian
 39693 | Zot:5    | Noticed an ancient lich
 39693 | Zot:5    | Noticed a curse toe
 39695 | Zot:5    | Noticed an ancient lich
 39696 | Zot:5    | Noticed an orb of fire
 39697 | Zot:5    | Noticed an Orb Guardian
 39698 | Zot:5    | Noticed a Killer Klown
 39699 | Zot:5    | Noticed an Orb Guardian
 39700 | Zot:5    | Noticed an orb of fire
 39700 | Zot:5    | Noticed an orb of fire
 39700 | Zot:5    | Noticed an Orb Guardian
 39701 | Zot:5    | Noticed an orb of fire
 39701 | Zot:5    | Noticed an Orb Guardian
 39701 | Zot:5    | Noticed an electric golem
 39703 | Zot:5    | Noticed an Orb Guardian
 39703 | Zot:5    | Noticed an Orb Guardian
 39703 | Zot:5    | Noticed an Orb Guardian
 39703 | Zot:5    | Noticed an Orb Guardian
 39703 | Zot:5    | Noticed an Orb Guardian
 39703 | Zot:5    | Noticed an Orb Guardian
 39705 | Zot:5    | Noticed an Orb Guardian
 39706 | Zot:5    | Noticed an Orb Guardian
 39707 | Zot:5    | Noticed an Orb Guardian
 39707 | Zot:5    | Noticed an Orb Guardian
 39707 | Zot:5    | Got the Orb of Zot
 39708 | Zot:5    | Noticed an Orb Guardian
 39719 | Zot:5    | Gained mutation: Your magical capacity is low (-10% MP). [an orb of fire]
 39730 | Zot:5    | Killed from afar by an orb of fire

Dungeon Overview and Level Annotations

Branches:
Dungeon (15/15)            Temple (1/1) D:4            Lair (8/8) D:10
  Swamp (4/4) Lair:4       Spider (4/4) Lair:5        Slime (0/6) Lair:6
    Orc (2/2) D:10            Elf (0/3) Orc:2        Vaults (0/5) D:13
 Depths (5/5) D:15            Zot (5/5) Depths:5

Altars:
Ashenzari
Cheibriados
Dithmenos
Elyvilon
Fedhas
Gozag
Kikubaaqudgha
Makhleb
Nemelex Xobeh
Okawaru
Pakellas
Qazlal
Ru
Sif Muna
Trog
Vehumet
Xom
Yredelemnul
Zin
The Shining One
Beogh
Jiyva

Shops:
D:7 !   D:8 :   D:15 %   Orc:2 }!(%

Portals:
Hell: Depths:4
Abyss: Depths:5
Pandemonium: Orc:2

Annotations:
Lair:3 exclusion: obsidian statue
Swamp:3 monday's ghost, adept MiGl
Swamp:4 Lernaean hydra
Depths:5 Jory


Message History

Your blink will be uncontrolled - continue anyway?
The Orb prevents control of your translocation!
You blink.
The black draconian shifter gestures wildly while chanting.
The neqoxec blinks!
The Orb Guardian blinks!
The black draconian blinks!
The orb of fire blinks!
The ice dragon blinks!
The ice dragon completely misses you. The ice dragon closely misses you.
The ice dragon completely misses you.
The Orb Guardian fails to trigger a blade trap.
The black draconian completely misses you.
A spear hits the purple draconian, but does no damage!
Unknown command.
Unknown command.
Read which item? (? for menu, Esc to quit)
As you read the scroll of teleportation, it crumbles to dust.
You feel strangely unstable.
You feel the Orb delaying your translocation!
You block the ice dragon's attack. The ice dragon completely misses you.
You block the ice dragon's attack.
The orb of fire emits a lurid red light.
The bolt of fire misses you. The Orb Guardian completely misses you.
The purple draconian closely misses you.
A huge blade swings out and slices into the green draconian knight!
The green draconian knight is lightly wounded.
The black draconian misses you.
Unknown command.
Drink which item? (? for menu, Esc to quit)
You feel protected.
The yellow draconian zealot mumbles some strange prayers to its god against you.
Something smites you! The Orb Guardian completely misses you.
The Orb Guardian hits you!! The ice dragon barely misses you.
You block the ice dragon's attack.
The ice dragon tramples you but does no damage.
The purple draconian hits you from afar with a trident!
The crimson imp blinks!
Unknown command.
Drink which item? (? for menu, Esc to quit)
You feel much better.
The Orb Guardian hits you but does no damage. x2
The electric golem crackles and sizzles.
You block the black draconian's attack.
A spear hits the orb of fire!
You block the ice dragon's attack. The ice dragon completely misses you.
The ice dragon tramples you but does no damage.
You block the purple draconian's attack.
The Orb Guardian hits you but does no damage.
The Orb Guardian hits you!!
The neqoxec gestures.
Unknown command.
Drink which item? (? for menu, Esc to quit)
You feel much better. The Orb Guardian misses you.
The Orb Guardian completely misses you. The ice dragon breathes frost at you.
The blast of cold misses you.
The black draconian completely misses you.
The purple draconian completely misses you.
The neqoxec gestures at you.
You feel dopey. Something feeds on your intellect!
The orb of fire glows yellow.
The bolt of fire hits you! You resist.
You hear a roar!
Unknown command.
Drink which item? (? for menu, Esc to quit)
You feel better.
You hear a distant "Zot"!
The Orb Guardian completely misses you.
The Orb Guardian hits you but does no damage.
The crimson imp blinks!
You block the ice dragon's attack. The ice dragon completely misses you.
You block the ice dragon's attack.
The purple draconian closely misses you.
The electric golem blinks!
The black draconian completely misses you.
The Orb Guardian closely misses you. The Orb Guardian misses you.
Drink which item? (? for menu, Esc to quit)
You feel better.
The iron imp disappears in a puff of smoke!
The crimson imp disappears in a puff of smoke!
The orb of fire glows bright magenta.
The bolt of fire hits you! You resist.
You die...

You could see 2 orbs of fire, an electric golem, a green draconian knight (invisible), a black draconian, a green draconian, 5 draconians, a black draconian shifter, an ice dragon, a red draconian caller, 12 Orb Guardians, a yellow draconian zealot, a hellwing, 2 neqoxecs, 3 iron imps, a crimson imp and 2 white imps.

Vanquished Creatures
  Rupert (D:15)
  An Ice Fiend (IceCv)
  A tentacled monstrosity (Abyss:3)
  A Cloud Mage (WizLab)
  A lich (Depths:5)
  A sphinx (Depths:5)
  A death cob (Zot:1)
  Louise (D:15)
  Aizul (Swamp:2)
  A very ugly thing (Swamp:4)
  A stone giant (Orc:1)
  Nessos (Lair:8)
  Azrael (Spider:3)
  A wizard (Abyss:3)
  4 spark wasps (Depths:5)
  The ghost of shugdite the Basher, a journeyman MiFi of Okawaru (D:12)
  2 fire dragons
  A minotaur (Lab)
  A yaktaur captain (Depths:5)
  3 entropy weavers
  The ghost of Chiseanne the Thaumaturge, a journeyman CeAE of Gozag (D:11)
  18 hydras
  Harold (D:10)
  3 centaur warriors
  3 spriggan air magi (WizLab)
  A rakshasa (D:15)
  3 catoblepae (Lair:8)
  3 deep troll shamans
  An alligator (Swamp:3)
  4 tengu warriors
  10 death yaks (Lair:8)
  A deep troll earth mage (Depths:3)
  A vampire mage (Depths:1)
  A queen ant (Lair:2)
  2 orc high priests
  Nergalle (D:12)
  A sun demon (Orc:2)
  2 iron trolls
  3 skeletal warriors (D:14)
  7 swamp dragons
  A putrid demonspawn (Orc:2)
  A torturous demonspawn (Orc:2)
  Pikel (D:8)
  An unseen horror (D:12)
  A gelid demonspawn (Orc:2)
  3 deep trolls
  2 lindwurms
  2 shambling mangroves
  A hill giant (D:13)
  4 orc knights (Orc:2)
  3 deep elf magi
  An orb spider (shapeshifter) (D:15)
  A manticore (D:14)
  7 ugly things
  4 orb spiders
  9 orc sorcerers (Orc:2)
  A necromancer (Lair:8)
  2 griffons
  2 cyclopes
  3 hornets
  9 wolf spiders
  4 moths of wrath
  An oklob plant (Lair:5)
  13 elephants
  A toenail golem (Volcano)
  A gargoyle (Volcano)
  An orange demon (Orc:2)
  11 spiny frogs
  2 yaktaurs (Depths:5)
  An efreet (Volcano)
  2 rime drakes
  4 komodo dragons
  4 freezing wraiths (IceCv)
  A golden dragon simulacrum (IceCv)
  4 ice devils (IceCv)
  2 hellwings (Orc:2)
  An ancient zyme (Abyss:3)
  6 demonic crawlers
  4 anaconda simulacra (IceCv)
  A red devil (Orc:2)
  13 jumping spiders
  A queen bee (Lair:1)
  5 trolls
  3 tengu conjurers
  2 two-headed ogres
  A two-headed ogre (shapeshifter) (D:15)
  29 blink frogs
  2 giant leeches
  A jumping spider (shapeshifter) (D:13)
  8 wind drakes (WizLab)
  4 bog bodies
  12 slime creatures
  A polar bear (shapeshifter) (D:13)
  2 redbacks (shapeshifter)
  Sigmund (D:3)
  3 boulder beetles
  58 yaks
  7 wyverns
  3 shadows
  23 redbacks
  7 tarantellas
  28 air elementals (WizLab)
  A fire elemental (Volcano)
  3 fire bats (Lair:7)
  10 spriggans
  A water elemental (Depths:5)
  A wraith (D:10)
  A golden eye (shapeshifter) (D:14)
  5 hungry ghosts
  4 basilisks
  A death yak simulacrum (IceCv)
  9 hippogriffs
  14 swamp worms
  2 mottled dragons
  A warg (Orc:2)
  2 harpy simulacra (IceCv)
  A large abomination (Abyss:3)
  23 insubstantial wisps
  7 soldier ants
  4 hell hounds
  2 iron troll simulacra (IceCv)
  11 vampire mosquitoes
  17 porcupines
  4 hydra simulacra (IceCv)
  9 water moccasins
  6 swamp drakes (Swamp:4)
  3 sky beasts
  A slave (D:8)
  11 ice beasts
  13 wasps
  An eye of draining (shapeshifter) (Depths:2)
  27 orc warriors
  A black bear (D:6)
  5 necrophages (Lair:3)
  11 wolves
  4 boggarts (D:15)
  4 phantoms
  9 ogres
  21 crocodiles
  10 centaurs
  A big kobold (D:7)
  30 giant frogs
  2 earth elementals (Volcano)
  A wyvern zombie (D:14)
  A water moccasin skeleton (D:10)
  A wyvern skeleton (D:13)
  8 scorpions
  31 killer bees
  A spriggan skeleton (Lab)
  20 wights
  4 electric eels
  5 howler monkeys
  A giant frog zombie (D:12)
  6 centaur zombies
  9 crimson imps
  A draconian simulacrum (IceCv)
  8 hounds
  A human zombie (Ossuary)
  22 orc priests
  4 centaur skeletons
  2 jellies
  21 orc wizards
  4 giant frog skeletons
  Jessica (D:2)
  Ijyb (D:3)
  Terence (D:3)
  12 iguanas
  3 troll simulacra (IceCv)
  32 worker ants
  A hell rat (D:9)
  6 polar bear simulacra
  A spriggan simulacrum (IceCv)
  3 yak simulacra (Lair:8)
  21 sheep
  3 wolf simulacra
  A big kobold zombie (Ossuary)
  4 centaur simulacra (IceCv)
  An ogre skeleton (Lab)
  A hound zombie (D:9)
  2 hound skeletons
  3 mummies (Ossuary)
  A worker ant zombie (D:6)
  3 scorpion zombies (Ossuary)
  4 gnolls (Orc:2)
  A howler monkey skeleton (D:8)
  3 ogre simulacra (IceCv)
  98 river rats
  8 adders
  6 naga simulacra (IceCv)
  2 shadow imps (D:5)
  2 white imps (IceCv)
  6 ufetubi (IceCv)
  3 oozes
  3 adder skeletons
  An adder zombie (D:7)
  2 dart slugs
  7 giant geckos
  80 orcs
  4 giant cockroaches
  3 gnoll zombies (Ossuary)
  4 goblins
  7 hobgoblins
  4 jackals (D:7)
  4 quokkas
  2 ball pythons
  21 bats
  A giant gecko zombie (D:5)
  4 giant newts
  3 goblin zombies (Ossuary)
  A hobgoblin zombie (Ossuary)
  15 kobolds
  A kobold zombie (Ossuary)
  2 orc zombies (Ossuary)
  A quokka zombie (D:6)
  18 rats
  2 river rat simulacra (Lair:8)
  2 fulminant prisms
  5 fungi
  A plant (Lair:5)
1306 creatures vanquished.

Vanquished Creatures (collateral kills)
  A death cob (Zot:1)
  A storm dragon (Zot:1)
  A moth of wrath (Zot:1)
3 creatures vanquished.

Vanquished Creatures (others)
  A dancing weapon (Orc:2)
  A slave (D:9)
  A scorpion (Ossuary)
  An orc wizard (D:9)
  A shadow imp (D:9)
  A white imp (IceCv)
  3 orcs (D:9)
  A quokka (D:9)
  125 fulminant prisms
  5 fungi
  7 plants
147 creatures vanquished.

Grand Total: 1456 creatures vanquished

Action                   |  1- 3 |  4- 6 |  7- 9 | 10-12 | 13-15 | 16-18 || total
-------------------------+-------+-------+-------+-------+-------+-------++-------
Melee: Dagger            |    44 |    40 |   372 |  1140 |   914 |   771 ||  3281
 Cast: Corona            |     2 |       |       |       |       |       ||     2
       Ensorcelled Hiber |    18 |    16 |    34 |   118 |   262 |   142 ||   590
       Confuse           |       |     2 |    59 |    71 |   107 |    47 ||   286
       Fulminant Prism   |       |       |       |    37 |    90 |       ||   127
       Dazzling Spray    |       |       |       |     1 |    72 |    88 ||   161
       Tukima's Dance    |       |       |       |       |     5 |       ||     5
       Apportation       |       |       |       |       |    13 |    25 ||    38
       Invisibility      |       |       |       |       |    12 |    21 ||    33
       Passwall          |       |       |       |       |    10 |    33 ||    43
       Blink             |       |       |       |       |     3 |       ||     3
       Controlled Blink  |       |       |       |       |       |     5 ||     5
       Repel Missiles    |       |       |       |       |       |     2 ||     2
       Darkness          |       |       |       |       |       |     2 ||     2
       Regeneration      |       |       |       |       |       |     1 ||     1
Invok: Curse Item        |       |       |     4 |     1 |     1 |     5 ||    11
       Transfer Knowledg |       |       |       |       |     1 |       ||     1
       Scrying           |       |       |       |       |       |     2 ||     2
 Abil: Evoke Flight      |       |       |       |       |     2 |       ||     2
Evoke: Wand              |       |       |     4 |       |     7 |       ||    11
       Deck              |       |       |       |    10 |       |     3 ||    13
  Use: Potion            |       |       |       |     5 |     4 |    32 ||    41
       Scroll            |       |       |       |    21 |    17 |    36 ||    74
 Stab: Sleeping          |    32 |    20 |    54 |   146 |   213 |   179 ||   644
       Confused          |       |     3 |    31 |    44 |    48 |    34 ||   160
       Distracted        |       |       |     3 |     1 |     2 |     3 ||     9
       Invisible         |       |       |       |     4 |    34 |    68 ||   106
  Eat: Bread ration      |       |       |     1 |     2 |     3 |     3 ||     9
       Fruit             |       |       |       |     1 |       |       ||     1
       Pizza             |       |       |       |     2 |     1 |       ||     3
Armor: Robe              |     2 |     1 |    11 |    10 |       |       ||    24
       Troll leather arm |       |       |       |    42 |    69 |    88 ||   199
Dodge: Dodged            |    20 |    16 |   168 |   547 |   660 |   708 ||  2119
       Deflected         |       |       |       |       |       |     1 ||     1
Block: Buckler           |       |       |    17 |   312 |   245 |   355 ||   929

Vault maps used:
D:1:      scummos_arrival_gate
D:2:      first_bread, uniq_jessica
D:3:      uniq_sigmund, uniq_terence, uniq_iyjb
D:4:      wad_lake_hut, nicolae_tso_carved_into_rock, minmay_temple_entry_trees,
          lightli_ossuary_entry_decrepit_ruins
D:5:      forest_paths
D:6:      lemuel_crystal_altar, basic_altar
D:7:      lemuel_round_altar, minitemple, serial_shops, kennysheep_little_box
D:8:      serial_shops, nicolae_shop_temple_entry_statues_fountains
D:9:      nemelex_deck, special_room, uniq_pikel
D:10:     grunt_lair_entry_orc_guard_hut, orc_0_dummy, hangedman_tree_tricks,
          uniq_harold
D:11:     enter_trove_3, lab_entry_generic
D:12:     eino_jars, uniq_nergalle
D:13:     david_vaults_2
D:14:     basic_altar, serial_shops, bzr_entry_safe, minmay_misc_feat_diagonals
D:15:     gammafunk_enter_depths_forms, minmay_misc_feat_iff, serial_shops,
          shop, eino_curves_04, gammafunk_pakellas_statue_experiment,
          uniq_rupert, uniq_louise
Temple:   minmay_temple_curvy_14
Lair:1:   special_room, st_stairs_8, columned_hall_lemuel
Lair:2:   minmay_another_anthill, grunt_megastairs_5
Lair:3:   statuecave_lemuel, serial_bayou_pond_b, roderic_carrion_pond,
          infiniplex_staircase_pool, grunt_megastairs_3
Lair:4:   dragon1_lemuel, minmay_swamp_entry_worms
Lair:5:   spider_nest_entry_a, beast_lair_carwin_3, bh_autumn_forest_stairs
Lair:6:   slime_altar_1, nicolae_quartered_pool_super, serial_bayou_shore_b
Lair:7:   nicolae_volcano_entry_batcave, st_stairs_11, minivault_27,
          grunt_megastairs_2
Lair:8:   evilmike_catoblepas_cave, eino_house_with_fridge, grunt_megastairs_1,
          uniq_nessos
Swamp:1:  evilmike_swamp_ruin_wall, swamp_pool4
Swamp:2:  serial_swamp_ruin, evilmike_swamp_ruin_house_1,
          evilmike_swamp_ruin_house_5, swamp_pool1,
          nicolae_swamp_very_dense_foliage, uniq_aizul
Swamp:3:  portal_ice_cave_entry_ice_beasts, nicolae_swamp_treefoil
Swamp:4:  swamp_old_school
Spider:2: guppyfry_spider_mini_1, uniq_donald, uniq_arachne
Spider:3: hangedman_spider_tarantella_strand, uniq_azrael
Spider:4: spider_rune_water
Orc:1:    kennysheep_orc_chapel, uniq_snorg
Orc:2:    pf_orc_diabolical, serial_shops, shop_statue, basic_altar
Depths:1: kennysheep_ogre_elephant_herders, hell_entry, minmay_fountain_box,
          lightli_corner_chamber, grunt_megastairs_4, serial_bayou_shore_b,
          serial_bayou_shore_b, serial_bayou_shore_b, uniq_enchantress
Depths:2: vault_1, pan_entry, hell_entry, serial_bayou_pond_c,
          minmay_staircase_windowed_small, uniq_asterion
Depths:3: cheibrodos_leafed_vault, enter_ziggurat_c, pan_entry,
          pf_hell_entry_great_geh, infiniplex_staircase_9_rooms,
          basic_stair_grate_trap
Depths:4: minmay_tri_stars, hell_entry, abyss_entry, kennysheep_dice,
          minmay_staircase_statues
Depths:5: grunt_zot_entry_tricorne, grunt_hell_entry_dis_grunt,
          abyss_entry_small_statue_room, serial_shops, bzr_entry_lakeside,
          infiniplex_enter_wizlab_glasses, hangedman_decor_clover_reticule,
          uniq_jory
Zot:2:    grunt_zot_stairs_mandelzot
Zot:3:    kennysheep_oblong_rooms
Zot:4:    circus_mu
Abyss:3:  evilmike_abyss_rune_acolytes_1, serial_sigils_hangedman_quiver
Lab:      nicolae_lab_garden, labyrinth_fake_exit, nicolae_lab_arrow,
          nicolae_lab_t_cross, nicolae_lab_grate, nicolae_lab_statue,
          nicolae_lab_quarters, nicolae_lab_lava, labyrinth_skeletal_remains,
          nicolae_lab_grate_2, nicolae_lab_diamond, lab_statue,
          labyrinth_glass_1, nicolae_lab_very_dead_end
Bazaar:   bazaar_general_marketplace, bazaar_short_row
Trove:    trove_alchemists_storehouse
Ossuary:  ossuary_minmay_scorpions
IceCv:    ice_cave_caverns_02
Volcano:  volcano_pools
WizLab:   wizlab_cloud
